 Dungeon Crawl Stone Soup version 0.30-a0-439-g9e77e4d916 (webtiles) character file.

Game seed: 3753520792766207807

77 heav the Trooper (level 4, -1/41 HPs)
             Began as a Minotaur Berserker on Dec 10, 2022.
             Was a Believer of Trog.
             Slain by an orc
             ... wielding a +0 club
              (4 damage)
             ... on level 3 of the Dungeon.
             The game lasted 00:09:47 (2051 turns).

heav the Trooper (Minotaur Berserker)               Turns: 2051, Time: 00:09:48

Health: -1/41      AC:  5    Str: 18    XL:     4   Next: 14%
Magic:  3/3        EV: 11    Int:  9    God:    Trog [**....]
Gold:   35         SH:  0    Dex: 10    Spells: 3/3 levels left

rFire   . . .      SeeInvis +    d - +10 spear of Ucsowa {drain, Str-5 Int+5 SInv}
rCold   . . .      Faith    .    (no shield)
rNeg    . . .      Spirit   .    h - +0 ring mail
rPois   .          Reflect  .    (helmet restricted)
rElec   .          Harm     .    (no cloak)
rCorr   .          Rampage  .    (no gloves)
Will    .....                    (no boots)
Stlth   +.........               (no amulet)
HPRegen 0.26/turn                (no ring)
MPRegen 0.08/turn                (no ring)

@: on berserk cooldown, slowed, very slow
A: horns 2, retaliatory headbutt
a: Renounce Religion, Berserk, Trog's Hand


You were on level 3 of the Dungeon.
You worshipped Trog.
Trog was pleased with you.
You visited 1 branch of the dungeon, and saw 3 of its levels.

You collected 35 gold pieces.

Inventory:

Hand Weapons
 a - a +0 short sword
 d - the +10 spear of Ucsowa (weapon) {drain, Str-5 Int+5 SInv}
   (You found it on level 2 of the Dungeon)

   A truly terrible weapon, it drains the life of any living foe it strikes.
   Str:       It affects your strength (-5).
   Int:       It affects your intelligence (+5).
   SInv:      It lets you see invisible.
Missiles
 f - 17 stones (quivered)
Armour
 b - a +0 animal skin
 c - a +0 leather armour
 e - a +2 helmet
 h - a +0 ring mail (worn)
Wands
 q - a wand of digging (4)
Scrolls
 g - a scroll of immolation
 i - 2 scrolls of vulnerability {unknown}
 k - a scroll of identify {unknown}
 l - a scroll of poison {unknown}
 n - a scroll of magic mapping {unknown}
 o - a scroll of fear {unknown}
 p - a scroll of butterflies {unknown}
Potions
 j - 5 potions of curing {unknown}
 m - a potion of heal wounds {unknown}


   Skills:
 + Level 4.6 Fighting
 - Level 3.7 Short Blades
 * Level 0.9 Polearms
 + Level 3.1 Armour
 + Level 2.4 Dodging
 + Level 1.2 Stealth


You had 3 spell levels left.
You didn't know any spells.
Your spell library contained the following spells:

 Spells                   Type           Power      Damage    Failure   Level
 Blade Hands              Tmut           0%         N/A       100%        5
 Irradiate                Conj/Tmut      0%         3d11      100%        5
 Dragon Form              Tmut           0%         N/A       100%        7


Dungeon Overview and Level Annotations

Branches:
Dungeon (3/15)

Altars:
Cheibriados


Innate Abilities, Weirdness & Mutations

You have a pair of horns on your head.
You reflexively headbutt those who attack you in melee.


Message History

The orc attacks as you move away! The orc hits you with a +0 trident!
The orc hits you from afar with a +0 trident!
You puncture the orc!
You kill the orc!
Trog accepts your kill.
The orc closely misses you. x2; The orc hits you but does no damage.
You barely miss the orc.
The orc hits you from afar with a +0 trident.
The orc barely misses you. You furiously retaliate!
You headbutt the orc. You puncture the orc!
You kill the orc!
Trog accepts your kill.
The orc hits you from afar with a +0 trident.
* * * LOW HITPOINT WARNING * * *
A red film seems to cover your vision as you go berserk!
You feel yourself moving faster!
You feel mighty!
The orc hits you from afar with a +0 trident!
* * * LOW HITPOINT WARNING * * *
You feel a strong urge to attack something.
Items here: )) [ ††.
You puncture the orc!
You kill the orc!
Trog accepts your kill.
An orc comes into view. It is wielding a +0 club.
Found a hand axe.
The orc shouts!
You feel a strong urge to attack something.
Things that are here:
a +0 trident; a scroll labelled KAN JIASUOL You feel your anger nearly subside.
You are no longer berserk.
You are exhausted.
You feel yourself slow down. The orc hits you with a +0 club.
* * * LOW HITPOINT WARNING * * *
You closely miss the orc. Your headbutt misses the orc.
The orc hits you with a +0 club.
* * * LOW HITPOINT WARNING * * *
As you read the scroll labelled EZAUKK IMIOLAM, it crumbles to dust.
The creatures around you are filled with an inner flame!
It was a scroll of immolation.
The orc hits you with a +0 club.
You die...

..###.
#####.#..
#.......# .
#.#.$...# #..
#.......###)...
.............
#....##.#.#
#.).@o...#
#)#......#
#.####.#....
#.# .# #.# #.#
# . #.# . #.#
.. #.######.#.
#####..........


You could see an orc (inner flame).

Vanquished Creatures
  A gnoll (D:1)
  2 adders (D:3)
  A worm (D:2)
  A dart slug (D:1)
  3 orcs (D:3)
  7 endoplasms
  A giant cockroach (D:2)
  5 goblins
  2 hobgoblins
  2 jackals (D:1)
  2 kobolds (D:2)
  A quokka (D:1)
  A ball python (D:1)
  4 bats
  A frilled lizard (D:3)
  7 rats
41 creatures vanquished.

Vanquished Creatures (others)
  A demonic plant (D:2)
  10 fungi (D:2)
  17 plants
28 creatures vanquished.

Grand Total: 69 creatures vanquished

Notes
Turn   | Place    | Note
-------+----------+-------------------------------------------
     0 | D:1      | heav the Minotaur Berserker began the quest for the Orb.
     0 | D:1      | Reached XP level 1. HP: 19/19 MP: 0/0
   634 | D:1      | Reached XP level 2. HP: 26/27 MP: 1/1
   776 | D:1      | Reached skill level 1 in Stealth
  1054 | D:1      | Reached skill level 4 in Fighting
  1135 | D:1      | Reached XP level 3. HP: 33/33 MP: 2/2
  1399 | D:2      | Found a faded altar of an unknown god.
  1416 | D:2      | Identified the +10 spear of Ucsowa {drain, Str-5 Int+5
                  | SInv}
  1550 | D:2      | Reached ** piety under Trog
  1982 | D:3      | Found a snail-covered altar of Cheibriados.
  1998 | D:3      | Reached XP level 4. HP: 41/41 MP: 3/3
  2050 | D:3      | HP: 2/41 [orc/+0 club (1)]
  2051 | D:3      | Slain by an orc

Illustrated notes

Levels and vault maps discovered:
D:1:      lemuel_arrival_room, layout_loops_corners, minmay_misc_feat_nine_boxes
D:2:      layout_rooms, shapermc_ecumenical_altar_gd, minivault_14,
          chequers_serial_rivers_large_a
D:3:      layout_loops_ring, nicolae_ru_awakened_eye,
          mainiacjoe_overflow_alcove_4, mainiacjoe_overflow_big_doors,
          feat_on_display

Skill      XL: |  1  2  3 |
---------------+----------+-----
Stealth        | 1 |  1.2
Fighting       | 4 |  4.6
Armour         | 3 |  3.1
Short Blades   | |  3.7
Polearms       | |  0.9
Dodging        | |  2.4

Action                   |  1- 3 |  4- 6 || total
-------------------------+-------+-------++-------
Melee: Short sword       |    83 |       ||    83
       Headbutt          |    27 |       ||    27
       Punch             |     1 |       ||     1
       Spear             |    72 |    10 ||    82
Invok: Berserk           |       |     1 ||     1
Evoke: Wand              |       |     1 ||     1
  Use: Potion            |     1 |       ||     1
       Scroll            |     2 |     1 ||     3
Armor: Leather armour    |    11 |       ||    11
       Ring mail         |    23 |     4 ||    27
Dodge: Dodged            |    33 |     9 ||    42

Table legend: (Time is in decaauts)
 A = Elapsed time spent in this place.
 B = Non-inter-level travel time spent in this place.
 C = Inter-level travel time spent in this place.
 D = Time resting spent in this place.
 E = Time spent auto-exploring this place.
 F = Levels seen in this place.
 G = Mean time per level.
                   A        B        C        D        E       F      G
               +--------+--------+--------+--------+--------+-----+--------+
         Total |   2054 |   2008 |     46 |    344 |   1049 |   3 |  684.7 |
       Dungeon |   2054 |   2008 |     46 |    344 |   1049 |   3 |  684.7 |
               +--------+--------+--------+--------+--------+-----+--------+

Top non-repeatable levels by time:
     D:1: 1301 daAuts
     D:2: 556 daAuts
     D:3: 196 daAuts
